 Dungeon Crawl Stone Soup version 0.28.0-45-g0d030f2227 (webtiles) character file.

Game seed: 3465188700240823491

767 dianekeaton the Cleaver (level 7, -2/58 HPs)
             Began as a Hill Orc Fighter on Apr 6, 2022.
             Slain by Prince Ribbit (7 damage)
             ... on level 5 of the Dungeon.
             The game lasted 00:17:32 (4959 turns).

dianekeaton the Cleaver (Hill Orc Fighter)          Turns: 4959, Time: 00:17:33

Health: -2/58      AC:  8    Str: 27    XL:     7   Next: 82%
Magic:  7/7        EV:  9    Int:  8    God:
Gold:   230        SH:  4    Dex: 10    Spells: 6/6 levels left

rFire   . . .      SeeInvis .   a - +0 war axe
rCold   . . .      Faith    .   c - +0 buckler
rNeg    . . .      Spirit   .   b - +0 scale mail
rPois   .          Reflect  .   (no helmet)
rElec   .          Harm     .   (no cloak)
rCorr   .          Rampage  .   (no gloves)
Will    .....                   j - +0 pair of boots
Stlth   ..........              (no amulet)
HPRegen 0.19/turn               h - +6 ring of strength
MPRegen 0.10/turn               (no ring)

@: mighty
A: no striking features
a: no special abilities


You were on level 5 of the Dungeon.
You visited 1 branch of the dungeon, and saw 5 of its levels.

You collected 230 gold pieces.

Inventory:

Hand Weapons
 a - a +0 war axe (weapon)
Missiles
 e - 145 stones (quivered)
Armour
 b - a +0 scale mail (worn)
 c - a +0 buckler (worn)
 j - a +0 pair of boots (worn)
 m - a +0 pair of boots
Jewellery
 h - a +6 ring of strength (left hand)
 n - an amulet of faith
Scrolls
 l - a scroll of enchant armour {unknown}
 p - a scroll of teleportation {unknown}
 q - a scroll of enchant weapon {unknown}
 r - a scroll of blinking {unknown}
 u - 2 scrolls of identify
 w - a scroll of silence {unknown}
Potions
 d - 2 potions of might
 f - a potion of degeneration
 i - a potion of resistance {unknown}
 k - a potion of mutation
 o - a potion of haste {unknown}
 v - a potion of flight {unknown}


   Skills:
 * Level 3.9 Fighting
 + Level 10.5 Axes
 + Level 1.1 Throwing
 + Level 3.6 Armour
 - Level 0.2 Dodging
 + Level 3.4 Shields
 - Level 1.1 Evocations


You had 6 spell levels left.
You didn't know any spells.
Your spell library was empty.

Dungeon Overview and Level Annotations

Branches:
Dungeon (5/15)
 Temple: D:4-7

Altars:
Cheibriados
Hepliaklqana
Sif Muna
Wu Jian

Annotations:
D:2 1 runed translucent door, Crazy Yiuf
D:5 Prince Ribbit


Message History

Aim: Prince Ribbit (moderately wounded, 31% to hit)
You throw a stone. The stone closely misses Prince Ribbit.
Prince Ribbit blinks!
Throw: 150 stones
Press: ? - help, Q - select action Shift-Dir - straight line, f/p - Prince Ribbit
Aim: Prince Ribbit (moderately wounded, 31% to hit)
You throw a stone.
The stone hits Prince Ribbit but does no damage.
Prince Ribbit is moderately wounded.
Throw: 149 stones
Press: ? - help, Q - select action Shift-Dir - straight line, f/p - Prince Ribbit
Aim: Prince Ribbit (moderately wounded, 31% to hit)
You throw a stone. The stone closely misses Prince Ribbit.
You block Prince Ribbit's attack.
Throw: 148 stones
Press: ? - help, Q - select action Shift-Dir - straight line, f/p - Prince Ribbit
Aim: Prince Ribbit (moderately wounded, 31% to hit)
You throw a stone. The stone misses Prince Ribbit.
You block Prince Ribbit's attack.
You slash Prince Ribbit!
Prince Ribbit is heavily wounded.
Prince Ribbit hits you!
Prince Ribbit blinks!
Throw: 147 stones
Press: ? - help, Q - select action Shift-Dir - straight line, f/p - Prince Ribbit
Aim: Prince Ribbit (heavily wounded, 31% to hit)
You throw a stone. The stone hits Prince Ribbit.
Prince Ribbit is heavily wounded.
Throw: 146 stones
Press: ? - help, Q - select action Shift-Dir - straight line, f/p - Prince Ribbit
Aim: Prince Ribbit (heavily wounded, 31% to hit)
You throw a stone. The stone misses Prince Ribbit.
Prince Ribbit hits you. Prince Ribbit hits you! Prince Ribbit hits you!
* * * LOW HITPOINT WARNING * * *
You see here a stone.
You slash Prince Ribbit!
Prince Ribbit is severely wounded.
Prince Ribbit hits you!
You die...

# #### #.. ........ # #.####
#######. #.# #. #.# #.
######### #.# #######.
#(......# #.# #.......
#.......# #.# #.......
##.......####.#######.......
...(.(.....@F......(.((...(.
##.......#.....#####........
#...(...#.....# #..#####.
#.......#.....# #..## #.
#.)...[.#.....# #...# #.
#########....(# #.#.## #.
#.....# #.#..# #. #.....#
#.##.###. ####.## #.##..##.


You could see Prince Ribbit.

Vanquished Creatures
  A sky beast (D:5)
  2 ogres (D:5)
  A centaur (D:5)
  A phantom (D:4)
  A scorpion (D:5)
  A water moccasin skeleton (D:5)
  A hound (D:5)
  4 orc wizards (D:4)
  Ijyb (D:3)
  A hound skeleton (D:4)
  A howler monkey zombie (D:5)
  A worm (D:4)
  A dart slug (D:1)
  8 orcs
  5 bats
  10 endoplasms
  A giant cockroach (D:1)
  5 goblins
  4 hobgoblins
  2 jackals (D:5)
  2 quokkas
  7 ball pythons
  A frilled lizard (D:1)
  7 kobolds
  7 rats
76 creatures vanquished.

Notes
Turn   | Place    | Note
-------+----------+-------------------------------------------
     0 | D:1      | dianekeaton the Hill Orc Fighter began the quest for the
                  | Orb.
     0 | D:1      | Reached XP level 1. HP: 19/19 MP: 1/1
    27 | D:1      | Reached skill level 3 in Axes
   257 | D:1      | Reached XP level 2. HP: 26/26 MP: 2/2
   361 | D:1      | Reached skill level 4 in Axes
   538 | D:1      | Reached XP level 3. HP: 26/31 MP: 3/3
   625 | D:1      | Noticed a shining eye
   627 | D:1      | Found a faded altar of an unknown god.
   629 | D:1      | Noticed a great orb of eyes
   629 | D:1      | Noticed a shining eye
   629 | D:1      | Noticed an eye of devastation
  1104 | D:2      | Found a runed translucent door.
  1105 | D:2      | Noticed Crazy Yiuf
  1291 | D:2      | Reached skill level 5 in Axes
  2122 | D:3      | Found a snail-covered altar of Cheibriados.
  2153 | D:3      | Found a hazy altar of Hepliaklqana.
  2315 | D:3      | Reached XP level 4. HP: 38/39 MP: 4/4
  2491 | D:4      | Noticed Ijyb
  2510 | D:4      | Noticed a phantom
  2550 | D:3      | Killed Ijyb
  2551 | D:3      | Reached skill level 6 in Axes
  2694 | D:4      | Killed a phantom
  2695 | D:4      | Reached skill level 7 in Axes
  2695 | D:4      | Reached XP level 5. HP: 35/45 MP: 5/5
  3044 | D:4      | Found a shimmering blue altar of Sif Muna.
  3047 | D:4      | Reached XP level 6. HP: 31/51 MP: 6/6
  3048 | D:4      | Reached skill level 8 in Axes
  3802 | D:5      | Entered Level 5 of the Dungeon
  3819 | D:5      | Reached skill level 9 in Axes
  4070 | D:5      | Reached XP level 7. HP: 50/57 MP: 7/7
  4143 | D:5      | Reached skill level 1 in Evocations
  4256 | D:5      | Found an ornate altar of the Wu Jian Council.
  4358 | D:5      | Reached skill level 10 in Axes
  4494 | D:5      | Reached skill level 1 in Throwing
  4914 | D:5      | Noticed Prince Ribbit
  4959 | D:5      | Slain by Prince Ribbit

Illustrated notes

Levels and vault maps discovered:
D:1:      matt_arrival_grand_opening, layout_basic,
          hellmonk_ecumenical_altar_watching_god
D:2:      layout_rooms, minmay_misc_feat_roman, uniq_crazy_yiuf_cottage
D:3:      layout_basic, mainiacjoe_overflow_two_lobes
D:4:      layout_loops_ring, kennysheep_orc_sif_temple, uniq_ijyb
D:5:      layout_basic, mainiacjoe_overflow_alcove_2, uniq_prince_ribbit1

Skill      XL: |  1  2  3  4  5  6  7 |
---------------+----------------------+-----
Axes           | 3 4 5 7 9 10 | 10.5
Evocations     | 1 |  1.1
Throwing       | 1 |  1.1
Fighting       | |  3.9
Armour         | |  3.6
Dodging        | |  0.2
Shields        | |  3.4

Action                   |  1- 3 |  4- 6 |  7- 9 || total
-------------------------+-------+-------+-------++-------
Melee: War axe           |    95 |    61 |    37 ||   193
Throw: Dart              |       |     3 |    10 ||    13
       Stone             |       |     5 |     6 ||    11
Evoke: Wand              |       |     7 |     1 ||     8
  Use: Scroll            |     3 |       |       ||     3
       Potion            |       |     1 |     2 ||     3
Armor: Scale mail        |    41 |    19 |    13 ||    73
Dodge: Dodged            |    26 |    31 |    17 ||    74
Block: Buckler           |    20 |    20 |    10 ||    50
